 Dungeon Crawl Stone Soup version 0.27.0-1-g7a089689b8 (webtiles) character file.

Game seed: 6405754067965353604

200 horus123 the Covered (level 6, 0/47 HPs)
             Began as a Human Fighter on Aug 15, 2021.
             Slain by Natasha (6 damage)
             ... on level 2 of the Dungeon.
             The game lasted 00:02:42 (1250 turns).

horus123 the Covered (Human Fighter)                Turns: 1250, Time: 00:02:42

Health: 0/47       AC:  8    Str: 18    XL:     6   Next: 7%
Magic:  6/6        EV:  7    Int:  8    God:
Gold:   55         SH:  9    Dex: 13    Spells: 5/5 levels left

rFire    . . .     SeeInvis .   e - +0 demon blade (drain)
rCold    . . .     Faith    .   c - +0 kite shield
rNeg     . . .     Spirit   .   b - +0 scale mail
rPois    .         Reflect  .   (no helmet)
rElec    .         Harm     .   (no cloak)
rCorr    .         Rampage  .   a - +0 pair of gloves
Will     .....                  (no boots)
Stlth    ..........             (no amulet)
HPRegen  0.15/turn              (no ring)
MPRegen  0.10/turn              (no ring)

@: mighty, slowed, very slow
A: no striking features
a: no special abilities


You were on level 2 of the Dungeon.
You visited 1 branch of the dungeon, and saw 2 of its levels.

You collected 55 gold pieces.

Inventory:

Hand Weapons
 e - a +0 demon blade of draining (weapon)
Armour
 a - a +0 pair of gloves (worn)
 b - a +0 scale mail (worn)
 c - a +0 kite shield (worn)
Scrolls
 g - a scroll of immolation
Potions
 f - a potion of lignification {unknown}
 h - a potion of ambrosia {unknown}


   Skills:
 + Level 3.4 Fighting
 * Level 3.7 Long Blades
 - Level 2.0 Axes
 + Level 3.7 Armour
 + Level 1.1 Dodging
 + Level 3.5 Shields


You had 5 spell levels left.
You didn't know any spells.
Your spell library was empty.

Dungeon Overview and Level Annotations

Branches:
Dungeon (2/15)

Altars:

Annotations:
D:2 Natasha


Message History

You closely miss Natasha.
Natasha is moderately wounded.
The crimson imp barely misses you. The white imp gestures at you.
You block the puff of frost.
The shadow imp hits you but does no damage.
Natasha barely misses you. You block the crimson imp's attack.
The white imp gestures at you.
The puff of frost hits you but does no damage.
The shadow imp hits you but does no damage.
Natasha barely misses you.
You barely miss Natasha.
Natasha is moderately wounded.
The crimson imp hits you. You block the white imp's attack.
You block the shadow imp's attack. You block Natasha's attack.
The crimson imp closely misses you.
You riposte.
You barely miss the crimson imp. The white imp gestures at you.
The puff of frost hits you but does no damage.
The shadow imp hits you but does no damage.
Natasha closely misses you.
You completely miss Natasha.
Natasha is moderately wounded.
The crimson imp disappears in a puff of smoke!
The white imp hits you but does no damage.
The shadow imp hits you but does no damage.
Natasha stares at you and mumbles some strange words.
The magic dart hits you.
* * * LOW HITPOINT WARNING * * *
You block the white imp's attack. You block the shadow imp's attack.
Natasha barely misses you.
You hit Natasha.
Natasha is heavily wounded.
You block the white imp's attack. You block the shadow imp's attack.
Natasha mumbles some strange words.
The white imp gestures at you. The puff of frost hits you.
* * * LOW HITPOINT WARNING * * *
The shadow imp hits you but does no damage.
Natasha claws you.
You die...

.#.#. #### ####.....
...######+ #####........
...#.#.##.##.#.#.......#
....#.##...##.#.......#
.....................#
................5(..#
................@h.#
#..............5..#.#
.#...#..#.#..#..5#§#
#.######...######.#..
.#...#..#.#..#...#.###
#....8.....†.8....#.#
...................#.#
....8.........8.... #.
...................


You could see Natasha (drained), a crimson imp (summoned), a white imp
(summoned) and a shadow imp (summoned).

Vanquished Creatures
  Sigmund (D:2)
  An adder (D:2)
  A dart slug (D:1)
  A worm (D:2)
  2 bats (D:1)
  2 endoplasms (D:1)
  2 giant cockroaches (D:1)
  3 goblins (D:1)
  A hobgoblin (D:1)
  8 jackals (D:1)
  A quokka (D:1)
  A ball python (D:1)
  2 frilled lizards (D:1)
  2 kobolds (D:1)
  A rat (D:2)
29 creatures vanquished.

Notes
Turn   | Place    | Note
-------+----------+-------------------------------------------
     0 | D:1      | horus123 the Human Fighter began the quest for the Orb.
     0 | D:1      | Reached XP level 1. HP: 18/18 MP: 1/1
   248 | D:1      | Reached XP level 2. HP: 24/24 MP: 2/2
   739 | D:1      | Reached skill level 1 in Long Blades
   871 | D:1      | Reached XP level 3. HP: 27/29 MP: 3/3
  1205 | D:2      | Noticed Sigmund
  1211 | D:2      | Killed Sigmund
  1212 | D:2      | Reached skill level 1 in Dodging
  1212 | D:2      | Reached XP level 4. HP: 35/35 MP: 4/4
  1212 | D:2      | Reached XP level 5. HP: 41/41 MP: 5/5
  1212 | D:2      | Reached XP level 6. HP: 47/47 MP: 6/6
  1237 | D:2      | Noticed Natasha
  1250 | D:2      | Slain by Natasha

Illustrated notes

Levels and vault maps discovered:
D:1:      heliophobic_arrival_glass_houses, layout_basic,
          chequers_serial_rivers_micro_d, minmay_hexomino_p4
D:2:      wad_pebble_path, layout_basic, eino_tiny_chamber,
          hangedman_decor_clover_reticule, uniq_jessica, uniq_sigmund,
          uniq_natasha

Skill      XL: |  1  2  3 |
---------------+----------+-----
Long Blades    | 1 3 |  3.7
Dodging        | 1 |  1.1
Fighting       | |  3.4
Axes           | |  2.0
Armour         | |  3.7
Shields        | |  3.5

Action                   |  1- 3 |  4- 6 || total
-------------------------+-------+-------++-------
Melee: War axe           |     7 |       ||     7
       Demon blade       |    54 |    15 ||    69
  Use: Scroll            |     1 |       ||     1
       Potion            |     1 |       ||     1
Armor: Scale mail        |    18 |    21 ||    39
Dodge: Dodged            |    25 |    14 ||    39
Block: Kite shield       |    41 |    18 ||    59
       Rpst.: Demon blade |     6 |     3 ||     9
